BSA
SPRINGFIELD STARS @ NASHVILLE G-STRINGS
08/02/2027
 
TOP OF THE 1ST
Springfield Stars batting - Pitching for Madison Bombers : RHP Clint John
Pitching: RHP Clint John
Batting: RHB Norberto Taváres 0-0: Foul Ball, location: 2F
0-1: Ball
1-1: Called Strike
1-2: Ball
2-2: Fly out, F5 (Line Drive, 56)
Batting: RHB Calvin Bennett 0-0: Foul Ball, location: 2F
0-1: Foul Ball, location: 2F
0-2: Foul Ball, location: 2F
0-2: Ball
1-2: Ball
2-2: Ball
3-2: Fly out, F6 (Popup, 56D)
Batting: LHB Derek Davidson 0-0: SINGLE (Line Drive, 9LS)
Batting: LHB Felipe Guerrero 0-0: Ball
1-0: Ball
2-0: Foul Ball, location: 2F
2-1: Foul Ball, location: 2F
2-2: Ball
3-2: Base on Balls
Derek Davidson to second
Batting: LHB Elliott Newell 0-0: Ball
1-0: Ball
2-0: Ball
3-0: Base on Balls
Derek Davidson to third
Felipe Guerrero to second
Batting: SHB Shane Hutchinson 0-0: Ball
1-0: Fly out, F7 (Line Drive, 78S)
Top of the 1st over - 0 run(s), 1 hit(s), 0 error(s), 3 left on base; Springfield 0 - Madison 0
BOTTOM OF THE 1ST
Madison Bombers batting - Pitching for Springfield Stars : LHP José López
Pitching: LHP José López
Batting: RHB Vicente Aguirre 0-0: Ball
1-0: Ball
2-0: Foul Ball, location: 2F
2-1: Foul Ball, location: 2F
2-2: Foul Ball, location: 2F
2-2: Fly out, F6 (Line Drive, 6)
Batting: LHB George Smith 0-0: Ball
1-0: Called Strike
1-1: Ball
2-1: Ball
3-1: Base on Balls
Batting: RHB Sergio Márquez 0-0: Foul Ball, location: 2F
0-1: Swinging Strike
0-2: Strikes out swinging
Batting: SHB Ricardo Arévalo 0-0: Ball
1-0: Foul Ball, location: 2F
1-1: Foul Ball, location: 2F
1-2: Ball
2-2: Strikes out swinging
Bottom of the 1st over - 0 run(s), 0 hit(s), 0 error(s), 1 left on base; Springfield 0 - Madison 0
TOP OF THE 2ND
Springfield Stars batting - Pitching for Madison Bombers : RHP Clint John
Batting: RHB Juan Carlos Rodríguez 0-0: Swinging Strike
0-1: Ball
1-1: Foul Ball, location: 2F
1-2: Foul Ball, location: 2F
1-2: Ball
2-2: Foul Ball, location: 2F
2-2: Foul Ball, location: 2F
2-2: Foul Ball, location: 2F
2-2: Fly out, F4 (Line Drive, 4M)
Batting: LHB Jesús Tobías 0-0: Foul Ball, location: 2F
0-1: Ball
1-1: Ground out 4-3 (Groundball, 4)
Batting: RHB Will Sterling 0-0: Ball
1-0: Ball
2-0: Ball
3-0: Called Strike
3-1: Swinging Strike
3-2: Fly out, F4 (Popup, 34D)
Top of the 2nd over - 0 run(s), 0 hit(s), 0 error(s), 0 left on base; Springfield 0 - Madison 0
BOTTOM OF THE 2ND
Madison Bombers batting - Pitching for Springfield Stars : LHP José López
Batting: RHB Juan Costello 0-0: Foul Ball, location: 2F
0-1: Called Strike
0-2: Ball
1-2: Ground out 6-3 (Groundball, 6)
Batting: SHB Jorge Flores 0-0: Ball
1-0: Swinging Strike
1-1: Foul Ball, location: 2F
1-2: Ball
2-2: Foul Ball, location: 2F
2-2: Strikes out swinging
Batting: RHB Shawn Marshall 0-0: Ball
1-0: Fly out, F9 (Line Drive, 9S)
Bottom of the 2nd over - 0 run(s), 0 hit(s), 0 error(s), 0 left on base; Springfield 0 - Madison 0
TOP OF THE 3RD
Springfield Stars batting - Pitching for Madison Bombers : RHP Clint John
Batting: RHB Norberto Taváres 0-0: Ball
1-0: Foul Ball, location: 2F
1-1: Ball
2-1: Foul Ball, location: 2F
2-2: Ground out 6-3 (Groundball, 6)
Batting: RHB Calvin Bennett 0-0: Ball
1-0: Ball
2-0: Called Strike
2-1: Ball
3-1: Called Strike
3-2: Foul Ball, location: 2F
3-2: Foul Ball, location: 2F
3-2: Base on Balls
Batting: LHB Derek Davidson 0-0: Ball
Calvin Bennett steals 2nd base
1-0: Ball
2-0: Ball
3-0: Called Strike
3-1: Swinging Strike
3-2: Base on Balls
Batting: LHB Felipe Guerrero 0-0: Foul Ball, location: 2F
0-1: Ball
1-1: Ball
2-1: Grounds into double play, 3-6-3 (Groundball, 34)
Top of the 3rd over - 0 run(s), 0 hit(s), 0 error(s), 1 left on base; Springfield 0 - Madison 0
BOTTOM OF THE 3RD
Madison Bombers batting - Pitching for Springfield Stars : LHP José López
Batting: RHB Javier Deleón 0-0: Called Strike
0-1: Foul Ball, location: 2F
0-2: Strikes out looking
Batting: SHB Martín Medina 0-0: Ball
1-0: SINGLE (Groundball, 34D)
Batting: RHB Vicente Aguirre 0-0: Ball
1-0: Grounds into double play, 5-4-3 (Groundball, 5)
Bottom of the 3rd over - 0 run(s), 1 hit(s), 0 error(s), 0 left on base; Springfield 0 - Madison 0
TOP OF THE 4TH
Springfield Stars batting - Pitching for Madison Bombers : RHP Clint John
Batting: LHB Elliott Newell 0-0: Ground out 5-3 (Groundball, 56S)
Batting: SHB Shane Hutchinson 0-0: Called Strike
0-1: Ball
1-1: Fly out, F8 (Flyball, 8RD)
Batting: RHB Juan Carlos Rodríguez 0-0: SOLO HOME RUN (Flyball, 8LXD), Distance : 431 ft
Batting: LHB Jesús Tobías 0-0: Fly out, F8 (Flyball, 8RS)
Top of the 4th over - 1 run(s), 1 hit(s), 0 error(s), 0 left on base; Springfield 1 - Madison 0
BOTTOM OF THE 4TH
Madison Bombers batting - Pitching for Springfield Stars : LHP José López
Batting: LHB George Smith 0-0: Ground out 4-3 (Groundball, 4)
Batting: RHB Sergio Márquez 0-0: Ball
1-0: Foul Ball, location: 2F
1-1: Fly out, F8 (Flyball, 8RS)
Batting: SHB Ricardo Arévalo 0-0: Foul Ball, location: 2F
0-1: Foul Ball, location: 2F
0-2: Ball
1-2: Foul Ball, location: 2F
1-2: Fly out, F5 (Line Drive, 56)
Bottom of the 4th over - 0 run(s), 0 hit(s), 0 error(s), 0 left on base; Springfield 1 - Madison 0
TOP OF THE 5TH
Springfield Stars batting - Pitching for Madison Bombers : RHP Clint John
Batting: RHB Will Sterling 0-0: Ball
1-0: Ball
2-0: Called Strike
2-1: Foul Ball, location: 2F
2-2: Foul Ball, location: 2F
2-2: Ground out 4-3 (Groundball, 4D)
Batting: RHB Norberto Taváres 0-0: Ball
1-0: Called Strike
1-1: Called Strike
1-2: Ball
2-2: Ball
3-2: SINGLE (Groundball, 34D)
Batting: RHB Calvin Bennett 0-0: Ball
Pickoff Throw to First - Out!
1-0: Fly out, F8 (Flyball, 8RD)
Top of the 5th over - 0 run(s), 1 hit(s), 0 error(s), 0 left on base; Springfield 1 - Madison 0
BOTTOM OF THE 5TH
Madison Bombers batting - Pitching for Springfield Stars : LHP José López
Batting: RHB Juan Costello 0-0: Swinging Strike
0-1: Ball
1-1: SINGLE (Line Drive, 78S)
Batting: SHB Jorge Flores 0-0: Swinging Strike
0-1: Ball
1-1: Grounds into double play, 4-6-3 (Groundball, 4)
Batting: RHB Shawn Marshall 0-0: Ball
1-0: Ball
2-0: Ball
3-0: Called Strike
3-1: Fly out, F8 (Line Drive, 8LM)
Bottom of the 5th over - 0 run(s), 1 hit(s), 0 error(s), 0 left on base; Springfield 1 - Madison 0
TOP OF THE 6TH
Springfield Stars batting - Pitching for Madison Bombers : RHP Clint John
Batting: LHB Derek Davidson 0-0: SINGLE (Groundball, 4MD)
Batting: LHB Felipe Guerrero 0-0: Foul Ball, location: 2F
0-1: Foul Ball, location: 2F
0-2: Ball
1-2: Ball
2-2: Foul Ball, location: 2F
2-2: Ball
3-2: 2-RUN HOME RUN (Flyball, 8RXD), Distance : 417 ft
Batting: LHB Elliott Newell 0-0: Called Strike
0-1: Ball
1-1: Ball
2-1: Ball
3-1: Ground out 1-3 (Groundball, 13S)
Batting: SHB Shane Hutchinson 0-0: Called Strike
0-1: Foul Ball, location: 2F
0-2: Ball
1-2: Ball
2-2: Strikes out swinging
Batting: RHB Juan Carlos Rodríguez 0-0: Fly out, F7 (Flyball, 7D)
Top of the 6th over - 2 run(s), 2 hit(s), 0 error(s), 0 left on base; Springfield 3 - Madison 0
BOTTOM OF THE 6TH
Madison Bombers batting - Pitching for Springfield Stars : LHP José López
Batting: RHB Javier Deleón 0-0: Ball
1-0: Called Strike
1-1: Foul Ball, location: 2F
1-2: Ball
2-2: Ball
3-2: SINGLE (Groundball, 56D)
Batting: SHB Martín Medina 0-0: Called Strike
0-1: Ball
1-1: Swinging Strike
1-2: Ball
2-2: Foul Ball, location: 2F
2-2: Foul Ball, location: 2F
2-2: Reached on error, E3 (Groundball, 3)
Javier Deleón to second
Batting: RHB Vicente Aguirre 0-0: Ball
1-0: Ball
2-0: Called Strike
2-1: DOUBLE (Line Drive, 7LM)
Javier Deleón scores
Martín Medina to third
Runner from 3rd tries for Home, SAFE, no throw
Batting: LHB George Smith 0-0: Called Strike
0-1: Ground out 6-3 (Groundball, 6)
Batting: RHB Sergio Márquez 0-0: Ball
1-0: Foul Ball, location: 2F
1-1: Ground out 5-3 (Groundball, 56S)
Vicente Aguirre to third
Batting: SHB Ricardo Arévalo 0-0: Called Strike
0-1: Foul Ball, location: 2F
0-2: Strikes out swinging
Bottom of the 6th over - 2 run(s), 2 hit(s), 1 error(s), 1 left on base; Springfield 3 - Madison 2
TOP OF THE 7TH
Springfield Stars batting - Pitching for Madison Bombers : RHP Clint John
Pitching: LHP Fred Martin
Batting: LHB Jesús Tobías 0-0: Foul Ball, location: 2F
0-1: Called Strike
0-2: Strikes out looking
Batting: RHB Will Sterling 0-0: Called Strike
0-1: Ball
1-1: Ball
2-1: Swinging Strike
2-2: Ball
3-2: Base on Balls
Batting: RHB Norberto Taváres 0-0: Ball
1-0: Swinging Strike
1-1: Called Strike
1-2: Ball
2-2: Ball
3-2: Fielders Choice at 2nd, 1-6 (Groundball, P)
Batting: RHB Calvin Bennett 0-0: Ball
Norberto Taváres steals 2nd base
1-0: Ground out 4-3 (Groundball, 34)
Top of the 7th over - 0 run(s), 0 hit(s), 0 error(s), 1 left on base; Springfield 3 - Madison 2
BOTTOM OF THE 7TH
Madison Bombers batting - Pitching for Springfield Stars : LHP José López
Batting: RHB Juan Costello 0-0: Foul Ball, location: 2F
0-1: Ball
1-1: Ball
2-1: Called Strike
2-2: Foul Ball, location: 2F
2-2: SINGLE (Line Drive, 78S)
Batting: SHB Jorge Flores 0-0: Ball
1-0: Ball
2-0: Sac Bunt - play at first, batter OUT! 1-4
Juan Costello to second
Batting: RHB Shawn Marshall 0-0: Ball
1-0: Called Strike
1-1: Foul Ball, location: 2F
1-2: Ball
2-2: Strikes out swinging
Batting: RHB Javier Deleón 0-0: Swinging Strike
0-1: Ball
Wild Pitch!
Juan Costello to third
1-1: Swinging Strike
1-2: Ball
2-2: Ball
3-2: Base on Balls
Pitching: RHP Luis Cortéz
Pinch Hitting: LHB Mike Callahan 0-0: Ball
1-0: Foul Ball, location: 2F
1-1: Foul Ball, location: 2F
1-2: SINGLE (Groundball, 4D)
Juan Costello scores
Javier Deleón to second
Runner from 2nd tries for 3rd, SAFE, throw made to third
Mike Callahan to second
Batting: RHB Vicente Aguirre 0-0: Called Strike
0-1: Swinging Strike
0-2: Strikes out swinging
Bottom of the 7th over - 1 run(s), 2 hit(s), 0 error(s), 2 left on base; Springfield 3 - Madison 3
TOP OF THE 8TH
Springfield Stars batting - Pitching for Madison Bombers : LHP Fred Martin
Now in LF: Mike Callahan
Batting: LHB Derek Davidson 0-0: Foul Ball, location: 2F
0-1: Ball
1-1: Ball
2-1: SINGLE (Groundball, 34D)
Batting: LHB Felipe Guerrero 0-0: Ball
1-0: Foul Ball, location: 2F
1-1: Foul Ball, location: 2F
1-2: SINGLE (Flyball, 8RS)
Derek Davidson to second
Batting: LHB Elliott Newell 0-0: Foul Ball, location: 2F
0-1: Fly out, F7 (Flyball, 78M)
Batting: SHB Shane Hutchinson 0-0: Ground out 4-3 (Groundball, 34D)
Derek Davidson to third
Felipe Guerrero to second
Batting: RHB Juan Carlos Rodríguez 0-0: Called Strike
0-1: Swinging Strike
0-2: Ball
1-2: Foul Ball, location: 2F
1-2: Foul Ball, location: 2F
1-2: Ball
2-2: DOUBLE (Line Drive, 7LS)
Derek Davidson scores
Felipe Guerrero scores
Batting: LHB Jesús Tobías 0-0: Foul Ball, location: 2F
0-1: Called Strike
0-2: Strikes out looking
Top of the 8th over - 2 run(s), 3 hit(s), 0 error(s), 1 left on base; Springfield 5 - Madison 3
BOTTOM OF THE 8TH
Madison Bombers batting - Pitching for Springfield Stars : RHP Luis Cortéz
Batting: LHB George Smith 0-0: Ball
1-0: Ball
2-0: DOUBLE (Line Drive, 9LS)
Batting: RHB Sergio Márquez 0-0: Ground out 5-3 (Groundball, 56)
Pitching: LHP Shan Liu
Batting: SHB Ricardo Arévalo 0-0: Called Strike
0-1: Called Strike
0-2: Ball
1-2: Ground out 6-3 (Groundball, 6)
Pitching: RHP Yajirobei Endo
Batting: RHB Juan Costello 0-0: Ball
1-0: Called Strike
1-1: Ball
2-1: Swinging Strike
2-2: Foul Ball, location: 2F
2-2: Strikes out swinging
Bottom of the 8th over - 0 run(s), 1 hit(s), 0 error(s), 1 left on base; Springfield 5 - Madison 3
TOP OF THE 9TH
Springfield Stars batting - Pitching for Madison Bombers : LHP Fred Martin
Batting: RHB Will Sterling 0-0: Ball
1-0: Foul Ball, location: 2F
1-1: Foul Ball, location: 2F
1-2: Ball
2-2: Ball
3-2: Ground out 5-3 (Groundball, 56S)
Batting: RHB Norberto Taváres 0-0: Ball
1-0: Ball
2-0: Ball
3-0: Fly out, F7 (Flyball, 78S)
Batting: RHB Calvin Bennett 0-0: Swinging Strike
0-1: Ball
1-1: Swinging Strike
1-2: Foul Ball, location: 2F
1-2: TRIPLE (Flyball, 8LS)
Batting: LHB Derek Davidson 0-0: SINGLE (Flyball, 8LS)
Calvin Bennett scores
Pitching: RHP Ramiro Rivera
Batting: LHB Felipe Guerrero 0-0: Swinging Strike
0-1: Foul Ball, location: 2F
0-2: Ball
1-2: Strikes out swinging
Top of the 9th over - 1 run(s), 2 hit(s), 0 error(s), 1 left on base; Springfield 6 - Madison 3
BOTTOM OF THE 9TH
Madison Bombers batting - Pitching for Springfield Stars : RHP Yajirobei Endo
Pitching: RHP José Valdéz
Batting: SHB Jorge Flores 0-0: Ball
1-0: Ball
2-0: Swinging Strike
2-1: Foul Ball, location: 2F
2-2: Strikes out looking
Pitching: RHP Ramón Vélez
Batting: RHB Shawn Marshall 0-0: Called Strike
0-1: Ground out U3 (Groundball, 3S)
Batting: RHB Javier Deleón 0-0: Ball
1-0: Ball
2-0: Called Strike
2-1: Ground out 6-3 (Groundball, 6)
Bottom of the 9th over - 0 run(s), 0 hit(s), 0 error(s), 0 left on base; Springfield 6 - Madison 3
Thursday, March 30th, 2017 - OOTP Baseball 17.12 Build 75